AoeStats
← RIO1000

Golden Pit

507850284Analyzed
1v1 RM · 13d ago on Sep 19, 2026· 38m 28s· 2 players
Game mode
Random Map
Map size
Tiny (2 player)
Population
200
Speed
Normal
Resources
Standard
Victory
Conquest
Starting age
Dark Age
Ending age
Imperial Age
RankedLock teamsTeams togetherTeam positionsShared explorationLock speedFull tech treeHidden civsTurbo modeCheats
Victory
Defeat
🇬🇧 Lithuanians · United Kingdom
886
+14
🇲🇽 Magyars · Mexico
838
-14
RIO1000
10:06 Feudal Age
10:11 Loom
10:36 Double-Bit Axe
14:40 Fletching
14:50 Man-at-Arms
15:49 Horse Collar
15:44 Man-at-Arms
21:49 Castle Age
21:15 Gold Mining
21:47 Scale Barding Armor
22:11 Bloodlines
22:38 Husbandry
24:25 Chain Barding Armor
26:02 Wheelbarrow
25:51 Crossbowman
33:22 Padded Archer Armor
33:18 Bodkin Arrow
38:10 Thumb Ring
BIGBALZIE
5:01 Loom
11:26 Feudal Age
16:27 Wheelbarrow
23:13 Castle Age
21:26 Double-Bit Axe
21:22 Horse Collar
22:17 Forging
23:12 Bloodlines
24:58 Iron Casting
35:44 Imperial Age
33:33 Hand Cart
34:38 Scale Barding Armor
35:09 Husbandry
36:16 Chain Barding Armor
37:40 Elite Leitis
Connection lost

Rejoining the realm…

Still unreachable

The connection could not be restored.

Session expired

The server has moved on; the page needs a fresh start.